 Dungeon Crawl Stone Soup version 0.30-a0-1050-g2766ea1e55 (webtiles) character file.

Game seed: 1354518957492998061

63 Arcadio the Grave Robber (level 4, -1/37 HPs)
             Began as a Ghoul Necromancer on Apr 10, 2023.
             Slain by a gnoll
             ... wielding a +0 halberd
              (4 damage)
             ... on level 2 of the Dungeon.
             The game lasted 00:04:00 (1574 turns).

Arcadio the Grave Robber (Ghoul Necromancer)        Turns: 1574, Time: 00:04:01

Health: -1/37      AC:  8    Str: 10 (11) XL:     4   Next: 10%
Magic:  2/5        EV:  8    Int: 12      God:
Gold:   96         SH:  0    Dex:  8 (9)  Spells: 2/6 levels left

rFire   . . .      SeeInvis .    (no weapon)
rCold   + . .      Faith    .    (no shield)
rNeg    + + +      Spirit   .    e - +0 scale mail
rPois   ∞          Reflect  .    (no helmet)
rElec   .          Rampage  .    c - +1 cloak
rCorr   .                        (no gloves)
Will    .....                    (no boots) Stlth
                                 (no amulet)
HPRegen 0.00/turn                (no ring)
MPRegen 0.09/turn                (no ring)

@: very slightly contaminated, inhibited regen
A: claws 1, cold resistance 1, negative energy resistance 3, inhibited
regeneration, torment resistance 2, devour on kill
a: no special abilities


You were on level 2 of the Dungeon.
You visited 1 branch of the dungeon, and saw 2 of its levels.

You collected 96 gold pieces.

Inventory:

Armour
 a - a +0 robe
 c - a +1 cloak (worn)
 e - a +0 scale mail (worn)
Jewellery
 p - an amulet of magic regeneration
Wands
 i - a wand of paralysis (7)
Scrolls
 g - 3 scrolls of identify {unknown}
 h - 2 scrolls of fear {unknown}
 m - a scroll of magic mapping {unknown}
 n - 2 scrolls of fog {unknown}
 o - a scroll of brand weapon {unknown}
Potions
 b - a potion of magic
 d - a potion of mutation
 f - 2 potions of flight {unknown}
 j - 2 potions of attraction {unknown}
 k - a potion of degeneration {unknown}
 l - 2 potions of might {unknown}


   Skills:
 + Level 2.6 Fighting
 + Level 3.0 Dodging
 - Level 2.1 Stealth
 - Level 1.7 Spellcasting
 - Level 4.0 Necromancy


You had 2 spell levels left.
You knew the following spells:

 Your Spells              Type           Power      Damage    Failure   Level
a - Necrotise             Necr           40%        1d6       36%         1
b - Vampiric Draining     Necr           10%        2d6       75%         3

Your spell library contained the following spells:

 Spells                   Type           Power      Damage    Failure   Level
 Animate Dead             Necr           10%        N/A       98%         4
 Petrify                  Tmut/Erth      1%         N/A       100%        4
 Agony                    Necr           10%        N/A       100%        5
 Irradiate                Conj/Tmut      0%         3d11      100%        5
 Sublimation of Blood     Necr           Unusable   N/A       N/A         2

Dungeon Overview and Level Annotations

Branches:
Dungeon (2/15) Zot: 10424

Altars:

Shops:
D:1 [

Annotations:
D:2 Natasha


Innate Abilities, Weirdness & Mutations

You are immune to poison.
You have sharp fingernails.
Your flesh is cold resistant. (rC+)
You are immune to negative energy. (rN+++)
You do not regenerate when monsters are visible.
You are immune to unholy pain and torment.
You thrive by killing the living.


Message History

Confirm with . or Enter, or press ? or * to list all spells.
Aiming: Necrotise (safe; 34% risk of failure)
Press: ? - help, Shift-Dir - straight line, f - gnoll
Aim: a gnoll, wielding a +0 halberd (chance to affect: 71%)
The gnoll writhes in agony.
Casting: Necrotise (safe; 34% risk of failure)
Confirm with . or Enter, or press ? or * to list all spells.
Aiming: Necrotise (safe; 34% risk of failure)
Press: ? - help, Shift-Dir - straight line, f/p - gnoll
Aim: a gnoll, wielding a +0 halberd (lightly wounded, chance to affect: 71%)
You miscast Necrotise.
You are very lightly contaminated with residual magic.
Nothing appears to happen.
Casting: Necrotise (safe; 34% risk of failure)
Confirm with . or Enter, or press ? or * to list all spells.
Aiming: Necrotise (safe; 34% risk of failure)
Press: ? - help, Shift-Dir - straight line, f/p - gnoll
Aim: a gnoll, wielding a +0 halberd (lightly wounded, chance to affect: 71%)
You miscast Necrotise.
Nothing appears to happen.
The gnoll misses you. The gnoll barely misses you.
The gnoll hits you with a +0 halberd!
You scratch the gnoll.
The gnoll is heavily wounded.
The gnoll hits you with a +0 halberd.
The gnoll hits you from afar with a +0 halberd.
You scratch the gnoll but do no damage.
The gnoll is heavily wounded.
The gnoll hits you from afar with a +0 halberd.
The gnoll closely misses you.
You scratch the gnoll but do no damage.
The gnoll is heavily wounded.
The gnoll hits you with a +0 halberd!
* * * LOW HITPOINT WARNING * * *
The gnoll barely misses you.
It was a potion of mutation.
You feel extremely strange.
Your body decomposes!
You feel weakened.
Your body decomposes!
You feel clumsy. The gnoll hits you with a +0 halberd.
You die...

.. #.....##.#.##.#
##.## #.....#†###.#.#
##...## #......## ##...
.g...# #....)#.###.#.#
#...# #.....##.#..#.#
#..# ##........#.#.#
#.## #.#####..#.<..
#.########<............
#...gg@...........#....
##########..#..#..#...#
#............#
##.#.........#
#.##.#.###.##
#..........#
############


You could see 2 gnolls.

Vanquished Creatures
  2 adders (D:2)
  A dart slug (D:1)
  2 ball pythons
  7 bats
  4 endoplasms (D:1)
  7 giant cockroaches
  5 goblins
  2 hobgoblins (D:1)
  2 quokkas (D:1)
  A frilled lizard (D:1)
  5 kobolds
  2 rats
40 creatures vanquished.

Notes
Turn   | Place    | Note
-------+----------+-------------------------------------------
     0 | D:1      | Arcadio the Ghoul Necromancer began the quest for the Orb.
     0 | D:1      | Reached XP level 1. HP: 14/14 MP: 2/2
   225 | D:1      | Reached skill level 1 in Fighting
   228 | D:1      | Found Kycein's Antique Armour Boutique.
   238 | D:1      | Reached XP level 2. HP: 23/23 MP: 0/3
   610 | D:1      | Reached XP level 3. HP: 21/29 MP: 4/4
   880 | D:2      | Noticed Natasha
   938 | D:2      | Learned a level 3 spell: Vampiric Draining
   978 | D:2      | Found a faded altar of an unknown god.
  1239 | D:2      | Reached XP level 4. HP: 37/37 MP: 5/5
  1574 | D:2      | Slain by a gnoll

Illustrated notes

Levels and vault maps discovered:
D:1:      psy_arrival_fountain, layout_basic, serial_shops, shop
D:2:      layout_loops_cross, basic_ecumenical_altar, grunt_ministairs_11,
          uniq_natasha

Skill      XL: |  1  2  3  4 |
---------------+-------------+-----
Dodging        | 2 3 |  3.0
Fighting       | 1 2 |  2.6
Stealth        | |  2.1
Spellcasting   | |  1.7
Necromancy     | |  4.0

Action                     |  1- 3 |  4- 6 || total
---------------------------+-------+-------++-------
  Melee: Unarmed           |   178 |    31 ||   209
   Cast: Necrotise         |     9 |     5 ||    14
    Use: Potion            |       |     1 ||     1
 Armour: Robe              |    15 |       ||    15
         Scale mail        |    70 |    22 ||    92
  Dodge: Dodged            |    80 |    26 ||   106

Table legend: (Time is in decaauts)
 A = Elapsed time spent in this place.
 B = Non-inter-level travel time spent in this place.
 C = Inter-level travel time spent in this place.
 D = Time resting spent in this place.
 E = Time spent auto-exploring this place.
 F = Levels seen in this place.
 G = Mean time per level.
                   A        B        C        D        E       F      G
               +--------+--------+--------+--------+--------+-----+--------+
         Total |   1574 |   1507 |     67 |      0 |   1039 |   2 |  787.0 |
       Dungeon |   1574 |   1507 |     67 |      0 |   1039 |   2 |  787.0 |
               +--------+--------+--------+--------+--------+-----+--------+

Top non-repeatable levels by time:
     D:1: 931 daAuts
     D:2: 642 daAuts
